 Dungeon Crawl Stone Soup version 0.28-a0-1629-gf728b707aa (webtiles) character file.

Game seed: 16125157535709050491

168 croobank the Chopper (level 5, 0/70 HPs)
             Began as a Hill Orc Monk on Jan 25, 2022.
             Was a Believer of Beogh.
             Slain by a black bear (6 damage)
             ... on level 4 of the Dungeon.
             The game lasted 00:13:14 (3656 turns).

croobank the Chopper (Hill Orc Monk)                Turns: 3656, Time: 00:13:21

Health: 0/70       AC:  2    Str: 14    XL:     5   Next: 49%
Magic:  6/6        EV: 13    Int: 12    God:    Beogh [**....]
Gold:   124        SH:  0    Dex: 13    Spells: 5/6 levels left

rFire   . . .      SeeInvis .   c - +1 dagger (venom)
rCold   . . .      Faith    .   (no shield)
rNeg    + . .      Spirit   .   u - +0 robe {rN+}
rPois   .          Reflect  .   (no helmet)
rElec   .          Harm     .   (no cloak)
rCorr   .          Rampage  .   (no gloves)
Will    .....                   (no boots)
Stlth   ..........              (no amulet)
HPRegen 0.21/turn               (no ring)
MPRegen 0.10/turn               (no ring)

@: confused, berserking, lethally poisoned (0 -> -3), very quick
A: no striking features
a: Renounce Religion, Smiting


You were on level 4 of the Dungeon.
You worshipped Beogh.
Beogh was pleased with you.
You visited 1 branch of the dungeon, and saw 4 of its levels.

You collected 124 gold pieces.

Inventory:

Hand Weapons
 a - a +0 hand axe
 c - a +1 dagger of venom (weapon)
Missiles
 d - 114 stones (quivered)
 i - 20 bolts
 m - 6 poisoned darts
 w - 11 sling bullets
Armour
 b - a +0 robe
 k - a +0 pair of gloves
 q - a +0 ring mail
 r - a +0 leather armour
 u - a +0 robe of positive energy (worn)
Scrolls
 e - a scroll of holy word {unknown}
 f - 2 scrolls of silence {unknown}
 g - 3 scrolls of identify {unknown}
 h - a scroll of vulnerability {unknown}
 x - a scroll of immolation {unknown}
Potions
 l - a potion of degeneration {unknown}
 n - a potion of mutation {unknown}
 o - a potion of magic {unknown}
 p - 2 potions of cancellation {unknown}
 s - a potion of might {unknown}
 t - 2 potions of haste {unknown}
 v - a potion of heal wounds {unknown}


   Skills:
 + Level 4.5 Fighting
 + Level 5.0 Axes
 + Level 3.1 Dodging
 + Level 2.5 Stealth
 * Level 1.3 Spellcasting
 * Level 0.0 Hexes
 + Level 1.0 Invocations


You had 5 spell levels left.
You knew the following spells:

 Your Spells              Type           Power      Damage    Failure   Level
a - Slow                  Hex            0%         N/A       30%         1

Your spell library contained the following spells:

 Spells                   Type           Power      Damage    Failure   Level
 Corpse Rot               Necr/Air       0%         N/A       41%         2
 Poisonous Vapours        Pois/Air       0%         N/A       41%         2
 Sublimation of Blood     Necr           0%         N/A       41%         2
 Wereblood                Tmut           0%         N/A       41%         2
 Confusing Touch          Hex            0%         N/A       65%         3
 Vampiric Draining        Necr           0%         2d6       65%         3
 Cause Fear               Hex            0%         N/A       96%         4
 Summon Forest            Summ/Tloc      0%         N/A       100%        5
 Summon Mana Viper        Hex/Summ       0%         N/A       100%        5
 Summon Cactus Giant      Summ           0%         N/A       100%        6
 Dragon Form              Tmut           0%         N/A       100%        7
 Summon Hydra             Summ           0%         N/A       100%        7
 Dragon's Call            Summ           0%         N/A       100%        9


Dungeon Overview and Level Annotations

Branches:
Dungeon (4/15)
 Temple: D:4-7

Altars:
Vehumet

Shops:
D:3 =

Annotations:
D:2 1 runed translucent door, Crazy Yiuf


Message History

The orc completely misses you. The adder misses you.
You hear some strange, mumbled words.
Something tries to affect you, but you resist.
You hear some strange, mumbled words.
A magic dart appears from out of thin air!
The magic dart hits you.
Things that are here:
a +0 short sword; 3 boomerangs; an orc corpse You miss something.
The adder bites you. Something hits you. The adder bites you.
It was a potion of berserk rage.
A red film seems to cover your vision as you go berserk!
You feel yourself moving faster!
You feel mighty! The adder bites you but does no damage.
You hear some strange, mumbled words.
A magic dart appears from out of thin air!
The magic dart hits you!
* * * LOW HITPOINT WARNING * * *
The black bear bites you.
* * * LOW HITPOINT WARNING * * *
The black bear barely misses you. The black bear claws you.
* * * LOW HITPOINT WARNING * * *
You puncture something! The adder barely misses you.
You barely miss something.
You hear some strange, mumbled words.
A magic dart appears from out of thin air!
The magic dart hits you.
* * * LOW HITPOINT WARNING * * *
The black bear closely misses you. The black bear misses you.
The black bear closely misses you. The adder bites you.
* * * LOW HITPOINT WARNING * * *
You are poisoned.
The adder poisons you!
You hit the adder.
The adder is poisoned.
The adder is moderately wounded.
You feel sick.
You hear some strange, mumbled words.
You are confused.
The black bear bites you.
You die...

...........h.# #.#
#.###.##....## ...# .. #.#
#.##.##.####### ##..# #..
#.# #.#..##...h...##...###
#..#
#.##....###.#####.#.......
#.. #.#....# #.#
##h.[....... #. ....##.
#.###.....$).... # ..####.
#.##gh##........ # ..# #
#.##.{@So....... # ..####.
......####....... #
........ ##..#. .......
### ......#. ##... .......
#.< ......# #.. .######
#..... ......# .# ####..
........ .# #.. ......##
### ......#


You could see a black bear, an adder (very poisoned), an orc and a hobgoblin.

Vanquished Creatures
  A hound (D:4)
  Jessica (D:3)
  An iguana (D:4)
  A gnoll (D:1)
  An adder (D:3)
  An adder skeleton (D:4)
  4 dart slugs
  2 orcs
  8 ball pythons
  5 endoplasms
  3 giant cockroaches
  5 goblins
  5 hobgoblins
  3 quokkas
  3 bats
  4 frilled lizards
  2 kobolds (D:1)
  5 rats
55 creatures vanquished.

Vanquished Creatures (others)
  An adder (D:2)
  A bat (D:2)
  An endoplasm (D:2)
  A goblin (D:2)
  A kobold (D:2)
  2 rats (D:2)
7 creatures vanquished.

Grand Total: 62 creatures vanquished

Notes
Turn   | Place    | Note
-------+----------+-------------------------------------------
     0 | D:1      | croobank the Hill Orc Monk began the quest for the Orb.
     0 | D:1      | Reached XP level 1. HP: 19/19 MP: 1/1
   225 | D:1      | Reached XP level 2. HP: 23/27 MP: 2/2
   594 | D:1      | Reached XP level 3. HP: 32/33 MP: 3/3
  1090 | D:2      | Became a worshipper of Beogh the Brigand
  1090 | D:2      | Reached * piety under Beogh
  1090 | D:2      | Reached ** piety under Beogh
  1462 | D:2      | Found a faded altar of an unknown god.
  1814 | D:2      | Found a runed translucent door.
  1815 | D:2      | Noticed Crazy Yiuf
  2043 | D:3      | Noticed Jessica
  2045 | D:3      | Killed Jessica
  2046 | D:3      | Reached XP level 4. HP: 38/40 MP: 4/4
  2066 | D:3      | Found a radiant altar of Vehumet.
  2112 | D:3      | Found Galuin's Jewellery Shop.
  3135 | D:4      | Noticed a necrophage
  3146 | D:4      | Reached skill level 1 in Spellcasting
  3146 | D:4      | Reached XP level 5. HP: 42/47 MP: 6/6
  3374 | D:4      | Reached skill level 5 in Axes
  3374 | D:4      | Reached skill level 1 in Invocations
  3554 | D:4      | Noticed a centaur
  3572 | D:4      | Learned a level 1 spell: Slow
  3632 | D:4      | Noticed a black bear
  3656 | D:4      | Slain by a black bear

Illustrated notes

Levels and vault maps discovered:
D:1:      psy_arrival_radial01, layout_rooms
D:2:      cheibrodos_pilgrimage, layout_loops_ring,
          ebering_ecumenical_altar_sacrificial, mrwooster_statue_mirror,
          kennysheep_small_spiral, uniq_crazy_yiuf_cottage
D:3:      layout_basic, general_overflow_altar, serial_shops,
          nicolae_shop_statue_plus, hex_tiny, uniq_jessica
D:4:      layout_rooms, uniq_eustachio

Skill      XL: |  1  2  3  4  5 |
---------------+----------------+-----
Fighting       | 4 |  4.5
Stealth        | 2 |  2.5
Dodging        | 3 |  3.1
Spellcasting   | 1 |  1.3
Axes           | 5 |  5.0
Invocations    | 1 |  1.0

Action                   |  1- 3 |  4- 6 || total
-------------------------+-------+-------++-------
Melee: Hand axe          |    27 |       ||    27
       Dagger            |    59 |    69 ||   128
Invok: Convert to Beogh  |     1 |       ||     1
  Use: Potion            |       |     1 ||     1
 Stab: Sleeping          |     2 |     3 ||     5
Armor: Robe              |    11 |    11 ||    22
Dodge: Dodged            |    56 |    50 ||   106

Table legend: (Time is in decaauts)
 A = Elapsed time spent in this place.
 B = Non-inter-level travel time spent in this place.
 C = Inter-level travel time spent in this place.
 D = Time resting spent in this place.
 E = Time spent auto-exploring this place.
 F = Levels seen in this place.
 G = Mean time per level.
                   A        B        C        D        E       F      G
               +--------+--------+--------+--------+--------+-----+--------+
         Total |   3657 |   3542 |    115 |    725 |   1966 |   4 |  914.2 |
       Dungeon |   3657 |   3542 |    115 |    725 |   1966 |   4 |  914.2 |
               +--------+--------+--------+--------+--------+-----+--------+

Top non-repeatable levels by time:
     D:3: 1152 daAuts
     D:1: 1029 daAuts
     D:2: 1015 daAuts
     D:4: 460 daAuts
